 Dungeon Crawl Stone Soup version 0.18-a0-1041-gbe91bf5 (webtiles) character file.

49 Gorice the Skirmisher (level 3, -1/31 HPs)
             Began as a Centaur Wanderer on Jan 10, 2016.
             Slain by a hobgoblin
             ... wielding a +0 club
              (3 damage)
             ... on level 3 of the Dungeon.
             The game lasted 00:08:36 (2221 turns).

Gorice the Skirmisher (Centaur Wanderer)            Turns: 2221, Time: 00:08:36

Health: -1/31      AC:  4    Str: 12    XL:     3   Next: 51%
Magic:  4/4        EV:  8    Int: 15    God:
Gold:   58         SH:  0    Dex:  7    Spells: 0 memorised, 2 levels left

rFire  . . .     SeeInvis .     a - +0 whip (curse)
rCold  . . .     Gourm    .     h - +0 leather armour {rPois}
rNeg   . . .     Faith    .     (no shield)
rPois  +         Spirit   .     (no helmet)
rElec  .         Dismiss  .     (no cloak)
rCorr  .         Reflect  .     (no gloves)
SustAt .         Harm     .     (no barding)
MR     .....                    (no amulet)
Stlth  +.........               (no ring)
                                (no ring)

@: very quick, not resistant to hostile enchantments, very unstealthy
A: hooves 3, deformed body, speed 2, tough skin 3
a: no special abilities


You were on level 3 of the Dungeon.
You were not hungry.

You visited 1 branch of the dungeon, and saw 3 of its levels.

You collected 58 gold pieces.

Inventory:

Hand Weapons
 a - a cursed +0 whip (weapon)
 f - a +0 dagger
 n - a +0 short sword
Missiles
 Z - 80 stones (quivered)
Armour
 d - a +0 robe
 h - a +0 leather armour of poison resistance (worn)
   (You found it on level 1 of the Dungeon)
Wands
 k - a wand of frost (10/48)
Potions
 b - 3 potions of curing
 e - a potion of haste {unknown}
 i - 2 potions of brilliance {!q}
 j - 2 potions of agility {unknown}
Books
 c - the Collected Works on Transformation

   Spells                             Type                      Level
   a - Beastly Appendage              Transmutation                1
   b - Passwall                       Transmutation/Earth          3
Comestibles
 g - a bread ration {!e}
 l - 5 chunks of flesh
 m - 2 meat rations {!e}
 p - 2 slices of pizza


   Skills:
 + Level 3.5 Fighting
   Level 1.7 Staves
 - Level 1.2 Stealth
   Level 1.0 Hexes
   Level 1.7 Transmutations
 - Level 1.7 Evocations


You had 2 spell levels left.
You didn't know any spells.

Dungeon Overview and Level Annotations

Branches:
Dungeon (3/15)

Altars:


Innate Abilities, Weirdness & Mutations

You have hooves in place of feet.
Armour fits poorly on your strangely shaped body.
You cover ground very quickly.
You have extremely tough skin (AC +3).


Message History

Press: ? - help, Shift-Dir - straight line, f/p - worm
Aim: a worm (heavily wounded)
The puff of frost hits the worm.
The worm is almost dead.
This wand has 11 charges left.
Evoke which item? (* to show all) (? for menu, Esc to quit)
Zapping:
k - a wand of frost (11/48)
Press: ? - help, Shift-Dir - straight line, f/p - worm
Aim: a worm (severely wounded)
The puff of frost hits the worm.
You kill the worm!
This wand has 10 charges left.
There is an open door, spattered with blood here.
Some of the chunks of flesh in your inventory have rotted away.
Things that are here:
a goblin corpse x2
Butcher a goblin corpse? [(y)es/(c)hoosy/(n)o/(a)ll/(e)dible/(q)uit/?]
You butcher the goblin corpse. x2
l - 5 chunks of flesh (gained 3);
l - 6 chunks of flesh (gained 1)
You start resting.
An orc comes into view. It is wielding a mace.
o - a scroll labeled UPELEM CAPTAS Read which item? (? for menu, Esc to quit)
As you read the scroll labeled UPELEM CAPTAS, it crumbles to dust.
You feel strangely unstable.
It was a scroll of teleportation.
Your surroundings suddenly seem different.
The bat hits you but does no damage.
A bat comes into view.
You hit the bat.
The bat is severely wounded.
The bat hits you but does no damage.
Some of the chunks of flesh in your inventory have rotted away.
A hobgoblin comes into view. It is wielding a club.
The hobgoblin shouts!
The bat hits you but does no damage.
You completely miss the bat.
The bat is severely wounded.
The bat hits you but does no damage. The bat closely misses you.
You hit the bat but do no damage.
The bat is severely wounded.
The bat closely misses you. The hobgoblin hits you with a club.
* * * LOW HITPOINT WARNING * * *
Damage: 2 (max 2)
You closely miss the hobgoblin. The bat hits you but does no damage.
The hobgoblin hits you with a club.
* * * LOW HITPOINT WARNING * * *
Damage: 5 (max 5)
You hit the hobgoblin but do no damage. The bat barely misses you.
The hobgoblin hits you with a club.
You die...

...###.........#
...# ##.......##
..## ##.....##
..# ##...## .##
##+## .# .
#######..#
#..@g....#
#b###..#.# ....
...# ###.## ###
#.. ###


You could see a hobgoblin and a bat.

Vanquished Creatures
  An adder (D:2)
  A worm (D:3)
  2 giant geckos (D:1)
  2 giant cockroaches (D:2)
  10 goblins
  A hobgoblin (D:2)
  6 bats
  4 giant newts
  5 kobolds
  4 rats
36 creatures vanquished.

Vanquished Creatures (others)
  A hobgoblin (D:1)
1 creature vanquished.

Grand Total: 37 creatures vanquished

Notes
Turn   | Place    | Note
--------------------------------------------------------------
     0 | D:1      | Gorice the Centaur Wanderer began the quest for the Orb.
     0 | D:1      | Gorice set off with: a wand of frost (15/48), a potion of curing, the Collected Works on Transformation, a +0 robe, a +0 club, a +0 dagger, a bread ration {!e}
     0 | D:1      | Reached XP level 1. HP: 16/16 MP: 2/2
   289 | D:1      | Reached skill level 2 in Fighting
   495 | D:1      | Reached XP level 2. HP: 24/24 MP: 3/3
   672 | D:1      | HP: 7/24 [goblin (1)]
   757 | D:1      | HP: 7/24 [giant gecko (3)]
   793 | D:1      | HP: 7/25 [ooze (1)]
  1478 | D:2      | Reached skill level 3 in Fighting
  1478 | D:2      | Reached XP level 3. HP: 28/31 MP: 4/4
  2172 | D:3      | HP: 5/31 [worm (9)]
  2219 | D:3      | HP: 7/31 [hobgoblin/club (2)]
  2220 | D:3      | HP: 2/31 [hobgoblin/club (5)]
  2221 | D:3      | Slain by a hobgoblin

Vault maps used:
D:1:      onia_arrival_pentagram, lemuel_old_faithful
D:2:      st_stairs_12
D:3:      lemuel_blue_sif_altar, guppyfry_early_lair_pool, uniq_robin

Action                   || total
-------------------------++-------
Melee: Club              ||    63
       Whip              ||   113
Throw: Stone             ||     9
Evoke: Wand              ||     5
  Use: Scroll            ||     3
  Eat: Chunk             ||     3

Table legend:
 A = Turns spent in this place as a percentage of turns spent in the entire game.
 B = Non-inter-level travel turns spent in this place as a percentage of non-inter-level travel turns spent in the entire game.
 C = Inter-level travel turns spent in this place as a percentage of turns spent in this place.
 D = Turns resting spent in this place as a percentage of non-inter-level travel turns spent in this place.
 E = Turns spent auto-exploring this place as a percentage of non-inter-level travel turns spent in this place.
 F = Non-inter-level travel turns spent in this place divided by the number of levels of this place that you've seen.
                   A       B       C       D       E      F
               +-------+-------+-------+-------+-------+----------------------
         Total | 100.0 | 100.0 |   0.1 |   2.3 |   5.7 | 263.0
       Dungeon | 100.0 | 100.0 |   0.1 |   2.3 |   5.7 | 263.0
               +-------+-------+-------+-------+-------+----------------------

Vault maps used:
D:1:      onia_arrival_pentagram, lemuel_old_faithful
D:2:      st_stairs_12
D:3:      lemuel_blue_sif_altar, guppyfry_early_lair_pool, uniq_robin
